 Dungeon Crawl Stone Soup version 0.29-a0-802-g34511f41fd (webtiles) character file.

Game seed: 10490207986712524788

709 buhh the Insei (level 7, 0/50 HPs)
             Began as an Octopode Transmuter on July 4, 2022.
             Succumbed to a water moccasin's poison
             ... on level 5 of the Dungeon.
             The game lasted 00:11:23 (6264 turns).

buhh the Insei (Octopode Transmuter)                Turns: 6264, Time: 00:11:24

Health: 0/50       AC:  3    Str:  9    XL:     7   Next: 68%
Magic:  9/10       EV: 14    Int: 18    God:
Gold:   171        SH:  0    Dex: 12    Spells: 4/10 levels left

rFire   + . .      SeeInvis .     - Unarmed
rCold   + . .      Faith    .   (no shield)
rNeg    . . .      Spirit   .   (helmet restricted)
rPois   +          Reflect  .   (no amulet)
rElec   +          Harm     .   p - ring of willpower
rCorr   +          Rampage  .   (no ring)
Will    +....                   (no ring)
Stlth   +++.......              (no ring)
HPRegen 0.16/turn               (no ring)
MPRegen 0.12/turn               (no ring)
                                (no ring)
                                (no ring)

@: mighty, lethally poisoned (0 -> -2), resistant, on berserk cooldown, slowed,
very slow
A: almost no armour, amphibious, 8 rings, camouflage 1, gelatinous body 1,
(nimble swimmer 1), tentacles, iridescent scales 1, deterioration 1
a: no special abilities


You were on level 5 of the Dungeon.
You visited 1 branch of the dungeon, and saw 5 of its levels.

You collected 171 gold pieces.

Inventory:

Missiles
 l - 11 poisoned darts
Jewellery
 p - a ring of willpower (left tentacle)
Scrolls
 a - a scroll of noise
 b - a scroll of blinking {unknown}
 d - 2 scrolls of fog {unknown}
 f - a scroll of fear {unknown}
 g - a scroll of identify {!d}
 h - a scroll of summoning {unknown}
 m - 2 scrolls of immolation {unknown}
 o - a scroll of teleportation {unknown}
 r - a scroll of silence {unknown}
 P - a scroll of magic mapping {!r!d}
 Z - 2 scrolls of enchant armour
Potions
 k - 2 potions of flight
 s - a potion of degeneration
 J - a potion of magic {!q!d}


   Skills:
 * Level 5.1 Fighting
 * Level 4.0 Dodging
 - Level 2.0 Stealth
 * Level 5.3 Unarmed Combat
 - Level 2.0 Spellcasting
 - Level 2.0 Transmutations
 - Level 2.0 Poison Magic


You had 4 spell levels left.
You knew the following spells:

 Your Spells              Type           Power      Damage    Failure   Level
a - Beastly Appendage     Tmut           18%        N/A       8%          1
b - Wereblood             Tmut           9%         N/A       12%         2
c - Spider Form           Tmut/Pois      9%         N/A       24%         3

Your spell library contained the following spells:

 Spells                   Type           Power      Damage    Failure   Level
 Ignite Poison            Fire/Tmut/Pois 6%         N/A       30%         3
 Conjure Flame            Conj/Fire      1%         6-21      47%         3
 Inner Flame              Hex/Fire       1%         N/A       47%         3
 Ice Form                 Ice/Tmut       5%         N/A       75%         4
 Cause Fear               Hex            0%         N/A       87%         4
 Sticky Flame             Conj/Fire      1%         2d3       87%         4
 Discord                  Hex            0%         N/A       100%        8


Dungeon Overview and Level Annotations

Branches:
Dungeon (5/15) Zot: 23749
 Temple: D:4-7

Altars:
Kikubaaqudgha
Uskayaw
Wu Jian
Yredelemnul

Shops:
D:4 [

Annotations:
D:3 3 runed translucent doors, exclusion: door, dolemite99's ghost, weakling DsNe


Innate Abilities, Weirdness & Mutations

You cannot wear most types of armour.
You are amphibious.
You can wear up to eight rings at the same time.
Your skin changes colour to match your surroundings (Stealth+).
Your rubbery body absorbs attacks. (AC +1, EV +1)
((You are camouflaged when in or above water. (Stealth+)))
You have tentacles for arms and can constrict up to eight enemies at once.
You are partially covered in iridescent scales. (AC +2)
Your body sometimes deteriorates upon taking damage.


Message History

A red film seems to cover your vision as you go berserk!
You feel yourself moving faster!
You feel mighty!
You feel extremely sick.
You are too berserk!
You start resting.
You feel a strong urge to attack something.
You feel very sick.
You start resting.
You feel very sick.
You feel your anger nearly subside.
You feel sick.
You start resting.
You are no longer berserk.
You are exhausted.
You feel yourself slow down.
* * * LOW HITPOINT WARNING * * *
You feel very sick.
It was a potion of resistance.
You feel protected.
Your transformation has ended.
* * * LOW HITPOINT WARNING * * *
You feel very sick.
It was a potion of might.
You feel very mighty all of a sudden.
* * * LOW HITPOINT WARNING * * *
You feel sick.
There is a lethal amount of poison in your body!
A gnoll sergeant comes into view. It is wielding a +0 spear.
* * * LOW HITPOINT WARNING * * *
You feel sick.
Really quaff the potion of mutation?
You feel extremely strange.
You feel yourself wasting away.
Iridescent scales grow over part of your body.
* * * LOW HITPOINT WARNING * * *
You feel sick.
The gnoll sergeant shouts!
The gnoll sergeant closely misses you.
* * * LOW HITPOINT WARNING * * *
You feel sick.
You die...

##..####......#
###......###
#............#
####.....###
##.....##....#
###.....## #
##...####..## ###..... #
##...## #### ### ###...
# ##.....## ####$)# ###.
###..##...# ####.#.#.#
##
.#....##.####.#..#...#
...##.####.#...#@†.#.###
..###........#...#.....#
.## ######.#...#..g#.#.#
## ####.#..#...# #
####.#.#.# ## ####: # .#
## .## ..##


There were no monsters in sight!

Vanquished Creatures
  A water moccasin (D:5)
  An ogre (D:5)
  2 scorpions (D:5)
  A hound (D:4)
  An orc priest (D:3)
  2 iguanas (D:5)
  3 orc wizards
  5 gnolls
  5 adders
  4 worms
  3 dart slugs
  11 orcs
  9 ball pythons
  9 endoplasms
  5 giant cockroaches
  5 goblins
  7 hobgoblins
  3 jackals (D:4)
  5 kobolds
  2 quokkas (D:4)
  7 bats
  3 frilled lizards
  9 rats
  A spectral orc (D:4)
104 creatures vanquished.

Notes
Turn   | Place    | Note
-------+----------+-------------------------------------------
     0 | D:1      | buhh the Octopode Transmuter began the quest for the Orb.
     0 | D:1      | Reached XP level 1. HP: 13/13 MP: 3/3
     7 | D:1      | Noticed a swamp worm
     7 | D:1      | Noticed a polar bear
     7 | D:1      | Noticed a rime drake
     7 | D:1      | Noticed a hog
     7 | D:1      | Noticed a water moccasin
   224 | D:1      | Reached XP level 2. HP: 16/18 MP: 3/5
   257 | D:1      | Found a faded altar of an unknown god.
   358 | D:2      | Found an ancient bone altar of Kikubaaqudgha.
   824 | D:1      | Reached XP level 3. HP: 24/24 MP: 4/6
  1712 | D:2      | Reached XP level 4. HP: 29/30 MP: 7/7
  2376 | D:3      | Found an ornate altar of the Wu Jian Council.
  2410 | D:3      | Found a runed translucent gate.
  2411 | D:3      | Found a runed translucent gate.
  2411 | D:3      | Found a runed translucent gate.
  2411 | D:3      | Noticed dolemite99's ghost (weakling DsNe)
  2468 | D:4      | Found a basalt altar of Yredelemnul.
  2543 | D:4      | Reached XP level 5. HP: 24/36 MP: 8/8
  2548 | D:4      | Learned a level 2 spell: Wereblood
  2552 | D:4      | Learned a level 3 spell: Spider Form
  2653 | D:4      | Noticed an ogre
  2787 | D:4      | Found Qodiluf's Armour Shop.
  3129 | D:5      | Entered Level 5 of the Dungeon
  3202 | D:5      | Noticed an ogre
  3240 | D:5      | Killed an ogre
  3241 | D:5      | Reached XP level 6. HP: 14/43 MP: 2/9
  5526 | D:5      | Reached XP level 7. HP: 40/49 MP: 6/10
  5616 | D:5      | Identified the +5 dagger of Bellicose Action {pain, Fly}
  6112 | D:5      | Found a hide-covered altar of Uskayaw.
  6262 | D:5      | Gained mutation: Your body sometimes deteriorates upon
                  | taking damage. [potion of mutation]
  6262 | D:5      | Gained mutation: You are partially covered in iridescent
                  | scales. (AC +2) [potion of mutation]
  6262 | D:5      | HP: 2/50 [poisoned by a water moccasin]
  6264 | D:5      | Succumbed to a water moccasin's poison

Illustrated notes

Levels and vault maps discovered:
D:1:      onia_arrival_zoo_common, layout_loops_ring,
          hellmonk_ecumenical_altar_defaced_shrine, hangedman_decor_push
D:2:      layout_basic, basic_altar
D:3:      layout_rooms, nzn_wu_jian_council_hall, ebering_ghost_rock_garden,
          kennysheep_orc_chapel
D:4:      layout_gridville, vehumet_crystals,
          yredelemnul_forgotten_temple_becter, serial_shops, kennysheep_mini,
          kennysheep_dice
D:5:      minmay_spotlight, layout_cave_pods,
          nicolae_uskayaw_murder_on_the_dancefloor, grunt_ministairs_8,
          uniq_menkaure

Skill      XL: |  1  2  3  4  5  6  7 |
---------------+----------------------+-----
Stealth        | 1 2 |  2.0
Fighting       | 2 3 4 5 |  5.1
Unarmed Combat | 4 5 |  5.3
Poison Magic   | 1 2 |  2.0
Dodging        | 3 4 |  4.0
Spellcasting   | |  2.0
Transmutations | |  2.0

Action                   |  1- 3 |  4- 6 |  7- 9 || total
-------------------------+-------+-------+-------++-------
Melee: Unarmed           |    72 |   164 |    34 ||   270
       Kick              |    22 |    26 |       ||    48
       Constrict         |    20 |    26 |       ||    46
       Tentacles         |    18 |    24 |       ||    42
       Punch             |     1 |     1 |       ||     2
 Cast: Beastly Appendage |    33 |    32 |       ||    65
       Spider Form       |       |    11 |     4 ||    15
  Use: Potion            |       |     1 |     4 ||     5
       Scroll            |       |     7 |       ||     7
 Stab: Sleeping          |     5 |     6 |     2 ||    13
Armor: Skin              |    11 |    11 |     5 ||    27
Dodge: Dodged            |    38 |   107 |    18 ||   163

Table legend: (Time is in decaauts)
 A = Elapsed time spent in this place.
 B = Non-inter-level travel time spent in this place.
 C = Inter-level travel time spent in this place.
 D = Time resting spent in this place.
 E = Time spent auto-exploring this place.
 F = Levels seen in this place.
 G = Mean time per level.
                   A        B        C        D        E       F      G
               +--------+--------+--------+--------+--------+-----+--------+
         Total |   6250 |   5703 |    547 |    720 |   3778 |   5 | 1250.0 |
       Dungeon |   6250 |   5703 |    547 |    720 |   3778 |   5 | 1250.0 |
               +--------+--------+--------+--------+--------+-----+--------+

Top non-repeatable levels by time:
     D:4: 1476 daAuts
     D:2: 1394 daAuts
     D:1: 1233 daAuts
     D:5: 1144 daAuts
     D:3: 1002 daAuts
